 Dungeon Crawl Stone Soup version 0.28-b1-1-g3c77fb2ed1 (webtiles) character file.

Game seed: 7246920589755275757

4196 McKennaii the Destroyer (level 9, -5/93 HPs)
             Began as a Demigod Conjurer on Jan 29, 2022.
             Slain by Duvessa (15 damage)
             ... on level 7 of the Dungeon.
             The game lasted 00:13:24 (10145 turns).

McKennaii the Destroyer (Demigod Conjurer)         Turns: 10145, Time: 00:13:25

Health: -5/93      AC:  4    Str:  8    XL:     9   Next: 82%
Magic:  0/26       EV: 16    Int: 32    God:
Gold:   262        SH:  5    Dex: 12    Spells: 19/26 levels left

rFire   . . .      SeeInvis .   (no weapon)
rCold   . . .      Faith    .   (no shield)
rNeg    . . .      Spirit   .   a - +0 robe
rPois   .          Reflect  +   (no helmet)
rElec   .          Harm     .   m - +0 cloak
rCorr   .          Rampage  .   l - +0 pair of gloves
Will    .....                   (no boots)
Stlth   ..........              i - amulet of reflection
HPRegen 0.25/turn               w - +4 ring of evasion
MPRegen 0.20/turn               (no ring)

@: berserking, invisible, very quick
A: high mp 1, forlorn, divine attributes
a: no special abilities


You were on level 7 of the Dungeon.
You visited 1 branch of the dungeon, and saw 7 of its levels.
You also visited: Ossuary.

You collected 262 gold pieces.

Inventory:

Armour
 a - a +0 robe (worn)
 l - a +0 pair of gloves (worn)
 m - a +0 cloak (worn)
 v - a +2 leather armour of willpower
Jewellery
 d - a ring of fire
 i - an amulet of reflection (around neck)
 q - a +6 ring of dexterity
 w - a +4 ring of evasion (left hand)
Scrolls
 b - 5 scrolls of blinking {unknown}
 c - 9 scrolls of identify {unknown}
 e - 2 scrolls of noise {unknown}
 g - a scroll of acquirement {unknown}
 k - a scroll of fog {unknown}
 n - a scroll of enchant weapon {unknown}
 o - 5 scrolls of teleportation {unknown}
 p - 2 scrolls of silence {unknown}
 r - a scroll of magic mapping {unknown}
 t - a scroll of torment {unknown}
 u - 3 scrolls of amnesia {unknown}
Potions
 f - a potion of degeneration
 j - a potion of magic {unknown}
 s - 3 potions of curing
 z - a potion of brilliance {unknown}
 A - a potion of resistance {unknown}


   Skills:
 - Level 1.7 Dodging
 - Level 1.7 Stealth
 + Level 9.2 Spellcasting
 - Level 10.0 Conjurations


You had 19 spell levels left.
You knew the following spells:

 Your Spells              Type           Power      Damage    Failure   Level
a - Magic Dart            Conj           100%       1d8       1%          1
b - Searing Ray           Conj           100%       2d8       1%          2
c - Iskenderun's Mystic   Conj/Tloc      46%        2d10      4%          4

Your spell library contained the following spells:

 Spells                   Type           Power      Damage    Failure   Level
 Dazzling Flash           Conj/Hex       92%        N/A       1%          3
 Fulminant Prism          Conj/Hex       23%        3d13      4%          4
 Tukima's Dance           Hex            14%        N/A       10%         3
 Passage of Golubria      Tloc           14%        N/A       32%         4
 Yara's Violent Unravell  Hex/Tmut       7%         3d5       67%         5


Dungeon Overview and Level Annotations

Branches:
Dungeon (7/15)             Temple (0/1) D:4         Ossuary (visited)

Annotations:
D:3 1 runed translucent door, chipmonk's ghost, weakling DECj
D:7 Duvessa


Innate Abilities, Weirdness & Mutations

You have an increased reservoir of magic. (+10% MP)
You shall have no god before yourself.
Your divine heritage dramatically boosts your attributes as you level up.


Message History

Casting: Searing Ray (safe; 1% risk of failure)
Confirm with . or Enter, or press ? or * to list all spells.
Aiming: Searing Ray (safe; 1% risk of failure)
Press: ? - help, Shift-Dir - straight line, f/p - Duvessa
Aim: Duvessa, wielding a +0 short sword, wearing a +0 chain mail and quivering stones (almost dead, berserk, 90% to hit)
The searing ray hits Duvessa.
Duvessa is almost dead. (Press . to maintain the ray.) Duvessa hits you with a +0 short sword! x2
* * * LOW HITPOINT WARNING * * *
Unknown command.
You fade into invisibility!
Duvessa hits you with a +0 short sword.
* * * LOW HITPOINT WARNING * * *
Duvessa hits you with a +0 short sword!
* * * LOW HITPOINT WARNING * * *
You hear a shout!
Duvessa closely misses you. You block Duvessa's attack.
Duvessa barely misses you.
You hear a shout!
Duvessa rages.
Duvessa closely misses you.
Duvessa rages.
You block Duvessa's attack. Duvessa barely misses you. Duvessa misses you.
Duvessa closely misses you.
Casting: Searing Ray (safe; 1% risk of failure)
Confirm with . or Enter, or press ? or * to list all spells.
You erupt in a blast of force!
The mystic blast hits Duvessa.
Duvessa is almost dead.
Duvessa is knocked back by the mystic blast.
Unknown command.
Unknown command.
It was a potion of berserk rage.
A red film seems to cover your vision as you go berserk!
You feel yourself moving faster!
You feel mighty! Duvessa hits you with a +0 short sword!
You die...

#...#.#.###.#.# ######
#...#.#.# #.#.# #....##
#...#.#.# #.#.# #....+.
###...#.# #.#)# #....##
###<#.# #.#รท# #....##
####(#.###.#.# #....##
#...).......)# ###.#..
#..(..####.##############.#.#
#..........e@.............#.#
#.....####...##############.#
#.....#.#.......).))).......#
#.....#....#.####.........###
##...##.#......#..[.###......
#...##.#....#.#..#.###..####
#...##.######.#..#......# #
#.^. #......#.#..######.# #
####...#.#.....###.# #


You could see Duvessa (berserk).

Vanquished Creatures
  6 yaks (D:7)
  A sky beast (D:5)
  2 black bears
  A hornet zombie (Ossuary)
  3 ice beasts
  2 necrophages (D:5)
  A centaur (D:6)
  2 ogres
  3 kobold brigands
  2 bullfrogs
  A scorpion (D:4)
  2 wyvern zombies (Ossuary)
  3 water moccasin zombies (Ossuary)
  2 water moccasin skeletons
  Dowan (D:7)
  2 bullfrog zombies (Ossuary)
  3 centaur zombies (Ossuary)
  2 jellies (D:5)
  An orc priest (D:7)
  4 hounds
  4 iguanas
  3 bullfrog skeletons
  16 mummies (Ossuary)
  3 gnoll shamans
  2 orc wizards (D:7)
  Terence (D:3)
  2 killer bee zombies (Ossuary)
  A hound skeleton (D:4)
  4 howler monkey zombies
  13 gnolls
  7 adders
  A white imp (D:5)
  2 adder skeletons
  3 worms
  2 dart slugs
  13 orcs
  6 ball pythons
  6 endoplasms
  16 giant cockroaches
  5 goblins
  7 hobgoblins
  10 jackals
  19 kobolds
  3 quokkas
  10 bats
  5 frilled lizards
  A jackal zombie (D:7)
  8 rats
217 creatures vanquished.

Vanquished Creatures (others)
  A mummy (Ossuary)
  4 withered plants (Ossuary)
5 creatures vanquished.

Grand Total: 222 creatures vanquished

Notes
Turn   | Place    | Note
-------+----------+-------------------------------------------
     0 | D:1      | McKennaii the Demigod Conjurer began the quest for the Orb.
     0 | D:1      | Reached XP level 1. HP: 14/14 MP: 5/5
   346 | D:1      | Reached XP level 2. HP: 20/20 MP: 5/7
   351 | D:1      | Reached skill level 4 in Conjurations
   976 | D:1      | Reached XP level 3. HP: 24/26 MP: 0/9
  1335 | D:2      | Learned a level 2 spell: Searing Ray
  2077 | D:2      | Reached XP level 4. HP: 33/33 MP: 8/10
  2082 | D:2      | Learned a level 4 spell: Iskenderun's Mystic Blast
  2748 | D:3      | Reached skill level 5 in Conjurations
  2884 | D:3      | Found a runed translucent door.
  2885 | D:3      | Noticed chipmonk's ghost (weakling DECj)
  3844 | D:3      | Noticed Terence
  3849 | D:3      | Killed Terence
  3850 | D:3      | Reached XP level 5. HP: 38/38 MP: 6/12
  4425 | D:4      | Reached skill level 6 in Conjurations
  4583 | D:4      | Reached XP level 6. HP: 45/45 MP: 10/14
  4972 | D:4      | Identified the +4 leather armour of the Stone Wall {rF+
                  | Dex+3}
  5244 | D:4      | Found a staircase to the Ecumenical Temple.
  5449 | D:5      | Entered Level 5 of the Dungeon
  5457 | D:5      | Reached skill level 7 in Conjurations
  5457 | D:5      | Reached XP level 7. HP: 50/50 MP: 8/16
  6008 | D:5      | Reached skill level 8 in Conjurations
  6184 | D:5      | Reached skill level 5 in Spellcasting
  6184 | D:5      | Reached XP level 8. HP: 32/57 MP: 12/19
  7410 | D:6      | Reached skill level 9 in Conjurations
  8449 | D:7      | Found a sand-covered staircase.
  8502 | Ossuary  | Entered an ossuary
  8607 | Ossuary  | Reached skill level 10 in Conjurations
  8607 | Ossuary  | Reached XP level 9. HP: 32/62 MP: 1/22
  9886 | D:7      | Noticed Dowan
  9887 | D:7      | Noticed Duvessa
  9901 | D:7      | Killed Dowan
 10125 | D:7      | HP: 3/62 [Duvessa (14)]
 10145 | D:7      | Slain by Duvessa

Illustrated notes

Levels and vault maps discovered:
D:1:      dpeg_arrival_three_bigger_balls, layout_basic,
          ebering_ecumenical_altar_box, minmay_split_cup_large
D:2:      layout_basic
D:3:      minmay_roachtagon, layout_rooms, grunt_gozag_breadcrumbs,
          grunt_temple_overflow_forces_of_nature, marbit_many_paths,
          serial_corexii_hall, chequers_hall_statues_wall_a,
          chequers_hall_statues_corner_a, corexii_hall_statues_t,
          chequers_hall_statues_corner_a, ebering_ghost_inner_flame,
          uniq_terence
D:4:      layout_loops_ring, grunt_temple_overflow_open,
          minmay_temple_entry_butterflies
D:5:      layout_loops_ring
D:6:      layout_gridville, mrwooster_statue_mirror
D:7:      layout_basic, enter_ossuary_3, lightli_minifort, uniq_duvessa,
          uniq_prince_ribbit1

Skill      XL: |  1  2  3  4  5  6  7  8  9 |
---------------+----------------------------+-----
Spellcasting   | 2 3 4 5 6 9 |  9.2
Conjurations   | 4 5 6 7 8 10 | 10.0
Dodging        | |  1.7
Stealth        | |  1.7

Action                   |  1- 3 |  4- 6 |  7- 9 || total
-------------------------+-------+-------+-------++-------
Melee: Unarmed           |    11 |     4 |    50 ||    65
       Punch             |       |       |     3 ||     3
 Cast: Magic Dart        |   108 |   171 |   142 ||   421
       Searing Ray       |       |     7 |    64 ||    71
       Iskenderun's Myst |       |       |    16 ||    16
Evoke: Wand              |       |       |    18 ||    18
  Use: Potion            |       |       |    10 ||    10
 Stab: Invisible         |       |       |     2 ||     2
Armor: Robe              |     5 |    10 |    21 ||    36
       Skin              |       |       |    23 ||    23
Dodge: Dodged            |    12 |    28 |    89 ||   129
Block: Other             |       |    10 |    44 ||    54
       Reflection        |       |     1 |     3 ||     4
